AoeStats
← Barón de la Cerveza

Arabia

509732600Analyzed
1v1 RM · 4d ago on Sep 27, 2026· 32m 49s· 2 players
Game mode
Random Map
Map size
Tiny (2 player)
Population
200
Speed
Normal
Resources
Standard
Victory
Conquest
Starting age
Dark Age
Ending age
Imperial Age
RankedLock teamsTeams togetherTeam positionsShared explorationLock speedFull tech treeHidden civsTurbo modeCheats
Victory
Defeat
🇪🇨 Cumans · Ecuador
1823
+18
🇲🇽 Muisca · Mexico
1870
-18
Eärnur
5:58 Loom
8:42 Feudal Age
9:23 Double-Bit Axe
9:22 Horse Collar
15:16 Town Watch
22:46 Castle Age
22:16 Wheelbarrow
22:35 Bloodlines
22:37 Fletching
23:19 Scale Barding Armor
24:01 Forging
24:05 Bow Saw
24:36 Heavy Plow
28:19 Gold Mining
30:16 Light Cavalry
32:06 Chain Barding Armor
Barón de la Cerveza
5:45 Loom
8:32 Feudal Age
9:47 Champi Runner
17:49 Scale Mail Armor
17:39 Fletching
23:17 Castle Age
21:15 Horse Collar
23:07 Double-Bit Axe
24:18 Chain Mail Armor
24:38 Bow Saw
24:01 Champi Warrior
28:32 Squires
29:27 Fervor
32:17 Sanctity
Connection lost

Rejoining the realm…

Still unreachable

The connection could not be restored.

Session expired

The server has moved on; the page needs a fresh start.